 Dungeon Crawl Stone Soup version 0.30-a0-830-gfe289a77b0 (webtiles) character file.

Game seed: 9262545644595818237

7008 arthad the Fighter (level 11, -6/84 HPs)
             Began as a Djinni Summoner on Mar 1, 2023.
             Engulfed by their own flame (7 damage)
             ... on level 9 of the Dungeon.
             The game lasted 00:41:38 (8315 turns).

arthad the Fighter (Djinni Summoner)                Turns: 8315, Time: 00:41:39

Health: -6/84      AC:  6    Str:  7    XL:     11   Next: 29%
Gold:   375        EV: 15    Int: 24    God:
                   SH:  0    Dex: 14

rFire   + + .      SeeInvis +    B - +7 quarterstaff of Poverty {spect, Int+3}
rCold   x . .      Faith    .    (shield currently unavailable)
rNeg    + . .      Spirit   .    k - +2 robe {rN+}
rPois   ∞          Reflect  .    A - +2 hat
rElec   .          Harm     .    (no cloak)
rCorr   +          Rampage  .    (no gloves)
Will    +....                    (boots unavailable)
Stlth   +                        (no amulet)
HPRegen 0.34/turn                o - ring of resist corrosion
MPRegen 0.00/turn                a - ring of see invisible

@: confused, ambrosia-drunk, flying
A: sickness immunity, fire resistance 2, cold vulnerability 1, float, innate
caster, HP casting, extra vitality 1
a: no special abilities


You were on level 9 of the Dungeon.
You visited 2 branches of the dungeon, and saw 10 of its levels.

You collected 375 gold pieces.

Inventory:

Hand Weapons
 q - a +2 hand axe of flaming
 r - a +1 spear of flaming
 B - the +7 quarterstaff of Poverty (weapon) {spect, Int+3}
   (You found it on level 6 of the Dungeon)

   Int:       It affects your intelligence (+3).
 C - a +3 battleaxe
Missiles
 n - 6 poisoned darts
 z - 5 datura-tipped darts
Armour
 d - a +0 leather armour of fire resistance
 j - a +0 leather armour of cold resistance
 k - a +2 robe of positive energy (worn)
 l - a +2 robe of willpower
 A - a +2 hat (worn)
Jewellery
 a - a ring of see invisible (right hand)
 o - a ring of resist corrosion (left hand)
 J - a ring of wizardry
Wands
 h - a wand of paralysis (7)
 s - a wand of iceblast (6)
 t - a wand of flame (30)
 u - a wand of acid (7)
 F - a wand of mindburst (13)
Scrolls
 g - 2 scrolls of identify
 y - 2 scrolls of vulnerability
 D - a scroll of amnesia
 G - a scroll of noise
 H - a scroll of enchant weapon {unknown}
 I - a scroll of poison {unknown}
Potions
 b - a potion of invisibility
 c - 3 potions of degeneration
 e - 3 potions of mutation
 f - 4 potions of brilliance
 i - 2 potions of might
 m - a potion of resistance
 p - a potion of berserk rage
 v - 3 potions of lignification
 w - 2 potions of flight {unknown}
 x - a potion of ambrosia
 E - a potion of attraction {unknown}


   Skills:
 * Level 9.2 Fighting
 + Level 3.0 Staves
 + Level 3.3 Armour
 + Level 7.3 Dodging
 + Level 6.1 Stealth
 * Level 7.8 Spellcasting


You knew the following spells:

 Your Spells              Type           Power      Damage    Failure   Level
a - Summon Small Mammal   Summ           100%       N/A       1%          1
b - Call Imp              Summ           47%        N/A       1%          2
c - Call Canine Familiar  Summ           47%        N/A       1%          3
d - Summon Guardian Gole  Hex/Summ       47%        N/A       1%          3
e - Summon Lightning Spi  Summ/Air       47%        N/A       2%          4
f - Apportation           Tloc           94%        N/A       1%          1
g - Lesser Beckoning      Tloc           94%        N/A       1%          2
h - Kindle Blastsparks    Fire/Tloc/Air  94%        2d17      1%          3
i - Leda's Liquefaction   Hex/Erth       23%        N/A       2%          4
j - Summon Ice Beast      Ice/Summ       47%        N/A       2%          4
Your spell library was empty.

Dungeon Overview and Level Annotations

Branches:
Dungeon (9/15)             Temple (1/1) D:7
   Lair: D:8-11         Orc: D:9-12

Altars:
Cheibriados
Dithmenos
Elyvilon
Fedhas
Hepliaklqana
Nemelex Xobeh
Okawaru
Qazlal
Trog
Uskayaw
Wu Jian
Xom
Yredelemnul
Zin
The Shining One

Shops:
D:8 *

Annotations:
D:7 Joseph


Innate Abilities, Weirdness & Mutations

You are immune to sickness and miasma.
You are immune to poison.
Your flesh is very heat resistant. (rF++)
You are vulnerable to cold. (rC-)
You float through the air rather than walking.
You learn spells naturally, not from books.
Your magical power is your life essence.
You have superior vitality. (+4 MHP)


Message History

The bullfrog closely misses you.
Your guardian golem is engulfed in blazing flames.
Flame seeps out of your guardian golem.
Your wolf closely misses the killer bee.
Your lightning spire shoots out a bolt of lightning at the killer bee!
The bolt of electricity hits the killer bee!
The bolt of electricity hits the yak!!
You hear a bellow! x4; You hear a shout!
The killer bee stings your lightning spire.
The killer bee stings your lightning spire!
Flame seeps out of your guardian golem. The killer bee closely misses you.
The killer bee stings your lightning spire!
Your guardian golem disappears in a puff of smoke!
Your guardian golem explodes!
The fiery explosion engulfs the yak!
The yak dies!
The fiery explosion engulfs the killer bee!!
The killer bee dies!
The fiery explosion engulfs you. You resist.
* * * LOW HITPOINT WARNING * * *
The fiery explosion engulfs your lightning spire!
Your lightning spire resists.
Your lightning spire is destroyed!
Your lightning spire disappears in a puff of smoke!
The fiery explosion engulfs the wyvern!
The fiery explosion engulfs the yak!!!
The yak dies!
The wyvern is engulfed in blazing flames.
The wyvern barely misses you.
Your wolf bites the wyvern!
The wyvern dies!
The bullfrog barely misses you.
You hear a bellow! x5
Your Staves skill increases to level 3!
Okay, then.
The howler monkey attacks as you move away!
The howler monkey hits you.
* * * LOW HITPOINT WARNING * * *
The bullfrog attacks as you move away! The bullfrog hits you.
* * * LOW HITPOINT WARNING * * *
You are engulfed in blazing flames.
You resist.
You die...

.... .........# ...
.....# ... ##.# ....>#
... #..## ....## # ..
##...# .....## #. #.
##Fh..###.....## #..
#.##§§§†...#......#
##..#...§°@h...#<.....#
........§§§y..†..(.....#
......$.†y........##....
.......).y........# ...
......†....#......... #
......Y...##......#..#
..........###........#
....†#..... .....#..##
.....#.##.........###


You could see a yak (distracted), a bullfrog, a howler monkey (catching breath),
3 killer bees and a friendly wolf (summoned, sheltered).

Vanquished Creatures
  Prince Ribbit (D:5)
  A yak (D:9)
  A water moccasin (D:7)
  A phantom (D:4)
  A bullfrog (D:9)
  A scorpion (D:6)
  2 wights (D:7)
  2 howler monkeys (D:7)
  A hound (D:4)
  An orc priest (D:7)
  2 orc wizards (D:8)
  An iguana (D:5)
  Natasha (D:3)
  A gnoll (D:4)
  A shadow imp (D:4)
  A white imp (D:7)
  A dart slug (D:3)
  7 orcs
  2 bat skeletons (D:3)
  A giant cockroach (D:4)
  2 hobgoblins (D:4)
  2 quokkas (D:4)
  A bat simulacrum (D:3)
  A goblin (D:3)
  2 rats
38 creatures vanquished.

Vanquished Creatures (collateral kills)
  A two-headed ogre (D:9)
  3 wyverns
  3 yaks (D:9)
  2 steam dragons
  4 water moccasins
  3 sky beasts
  2 black bears (D:5)
  An orc warrior (D:5)
  An ogre (D:4)
  2 centaurs (D:8)
  A phantom (D:7)
  6 necrophages
  6 scorpions
  4 bullfrogs
  3 wights (D:7)
  A vampire bat (D:3)
  2 howler monkeys
  A hound (D:5)
  2 gnoll boudas
  An orc priest (D:7)
  3 iguanas
  Jessica (D:2)
  A scorpion zombie (D:4)
  Natasha (twice) (D:3)
  An orc wizard (D:4)
  A howler monkey zombie (D:4)
  11 gnolls
  6 adders
  A shadow imp (D:6)
  A white imp (D:7)
  An ufetubus (D:5)
  A worm (D:3)
  3 dart slugs
  3 fire bats (D:3)
  39 orcs
  2 spectral bats (D:3)
  A bat skeleton (D:3)
  A bat zombie (D:3)
  4 endoplasms
  A giant cockroach (D:4)
  6 goblins
  5 hobgoblins
  4 jackals (D:4)
  6 quokkas
  3 ball pythons
  11 bats
  4 frilled lizards
  3 kobolds
  A quokka zombie (D:4)
  4 rats
180 creatures vanquished.

Vanquished Creatures (others)
  4 yaks (D:9)
  Duvessa (D:7)
  2 black bears
  A gnoll sergeant (D:3)
  A scorpion (D:6)
  Dowan (D:7)
  A killer bee (D:9)
  A gnoll bouda (D:4)
  5 gnolls
  An adder (D:4)
  A worm (D:3)
  An endoplasm (D:4)
  A quokka (D:4)
  A bush (D:4)
  11 plants (D:4)
33 creatures vanquished.

Grand Total: 251 creatures vanquished

Notes
Turn   | Place    | Note
-------+----------+-------------------------------------------
     0 | D:1      | arthad the Djinni Summoner began the quest for the Orb.
     0 | D:1      | arthad set off with the following spells memorised: Summon
                  | Small Mammal, Call Imp, Call Canine Familiar, Summon
                  | Guardian Golem, Summon Lightning Spire.
     0 | D:1      | Reached XP level 1. HP: 15/15 MP: 0/0
   208 | D:1      | Reached XP level 2. HP: 17/22 MP: 0/0
   731 | D:2      | Noticed Jessica
   797 | D:2      | Reached skill level 1 in Fighting
   959 | D:2      | Killed Jessica
   960 | D:2      | Reached XP level 3. HP: 22/27 MP: 0/0
   960 | D:2      | Learned a level 1 spell: Apportation
  1015 | D:2      | Reached XP level 4. HP: 22/33 MP: 0/0
  1565 | D:3      | Reached skill level 2 in Fighting
  1689 | D:3      | Reached XP level 5. HP: 39/39 MP: 0/0
  1689 | D:3      | Learned a level 2 spell: Lesser Beckoning
  1771 | D:3      | Reached XP level 6. HP: 35/45 MP: 0/0
  1927 | D:3      | Reached skill level 3 in Fighting
  2205 | D:3      | Noticed Natasha
  2212 | D:3      | Killed Natasha
  2307 | D:3      | Reached XP level 7. HP: 49/50 MP: 0/0
  2307 | D:3      | Learned a level 3 spell: Kindle Blastsparks
  2430 | D:3      | Noticed Natasha
  2455 | D:3      | Killed Natasha
  2781 | D:3      | Noticed Natasha
  2788 | D:3      | Killed Natasha
  3157 | D:4      | Reached skill level 4 in Fighting
  3441 | D:4      | Found a blossoming altar of Fedhas.
  3695 | D:4      | Reached XP level 8. HP: 21/58 MP: 0/0
  3776 | D:4      | Reached skill level 5 in Spellcasting
  4321 | D:4      | Reached skill level 5 in Fighting
  4448 | D:5      | Entered Level 5 of the Dungeon
  4523 | D:5      | Reached skill level 5 in Dodging
  4614 | D:5      | Reached XP level 9. HP: 60/66 MP: 0/0
  4614 | D:5      | Learned a level 4 spell: Leda's Liquefaction
  4660 | D:5      | Found a shadowy altar of Dithmenos.
  4686 | D:5      | Reached skill level 6 in Fighting
  4690 | D:5      | Noticed Prince Ribbit
  4745 | D:5      | Killed Prince Ribbit
  5650 | D:6      | Reached skill level 7 in Fighting
  5904 | D:6      | Noticed an angel
  5908 | D:6      | Found a glowing silver altar of Zin.
  5909 | D:6      | Found a shimmering altar of Xom.
  5952 | D:6      | Reached skill level 5 in Stealth
  6016 | D:6      | Reached XP level 10. HP: 67/75 MP: 0/0
  6331 | D:6      | Identified the +7 quarterstaff of Poverty {spect, Int+3}
  6556 | D:7      | Found a staircase to the Ecumenical Temple.
  6576 | D:7      | Reached skill level 1 in Armour
  6578 | D:7      | Reached skill level 1 in Staves
  6663 | Temple   | Entered the Ecumenical Temple
  6939 | D:7      | Noticed Joseph
  6944 | D:7      | Reached skill level 8 in Fighting
  6948 | D:7      | Noticed Duvessa
  6963 | D:7      | Noticed Dowan
  6967 | D:7      | Killed Duvessa
  6967 | D:7      | Killed Dowan
  7804 | D:8      | Found Kucet's Changing Room.
  7874 | D:8      | Found a sparkling altar of Nemelex Xobeh.
  8280 | D:9      | Noticed a two-headed ogre
  8286 | D:9      | Killed a two-headed ogre
  8287 | D:9      | Reached XP level 11. HP: 66/82 MP: 0/0
  8287 | D:9      | Learned a level 4 spell: Summon Ice Beast
  8301 | D:9      | Reached skill level 9 in Fighting
  8313 | D:9      | HP: 4/84 [killer bee (4)]
  8315 | D:9      | HP: 1/84 [bullfrog (2)]
  8315 | D:9      | Engulfed by their own flame

Illustrated notes

Levels and vault maps discovered:
D:1:      dpeg_arrival_pond, layout_basic
D:2:      layout_rooms, uniq_jessica
D:3:      layout_basic, serial_rivers, chequers_serial_rivers_small_a,
          chequers_serial_rivers_micro_d, chequers_serial_rivers_micro_c,
          chequers_serial_rivers_small_3, chequers_serial_rivers_small_3,
          chequers_serial_rivers_room_a, goddamned_bats, uniq_natasha
D:4:      minmay_recursive_quarters, layout_gridville,
          fedhas_altar_decomposition, enter_ossuary_5, minmay_misc_feat_doors,
          amcnicky_mini_pool_small
D:5:      layout_loops_ring, grunt_dithmenos_smoke_and_mirrors,
          uniq_prince_ribbit1
D:6:      layout_loops_ring, grunt_temple_overflow_order_and_chaos_1,
          kiku_gazebo_pond_becter
D:7:      layout_rooms, minmay_temple_entry_sparse_star, uniq_joseph,
          uniq_duvessa
D:8:      layout_basic, nemelex_xobeh_ov_fountains_minmay,
          nicolae_transmutations_shop
D:9:      layout_cave_pools, roderic_batcave, ebering_dispersal_statue_hall
Temple:   hc_temple_tempest_star

Skill      XL: |  1  2  3  4  5  6  7  8  9 10 11 |
---------------+----------------------------------+-----
Fighting       | 1 2 3 4 5 7 8 9 |  9.2
Stealth        | 2 3 4 5 6 |  6.1
Dodging        | 3 4 5 6 7 |  7.3
Spellcasting   | 4 5 6 7 |  7.8
Armour         | 2 3 |  3.3
Staves         | 2 3 |  3.0

Action                     |  1- 3 |  4- 6 |  7- 9 | 10-12 || total
---------------------------+-------+-------+-------+-------++-------
  Melee: Unarmed           |    10 |    26 |       |       ||    36
         Punch             |       |     1 |     2 |       ||     3
         Spear             |       |     3 |   119 |     3 ||   125
         Quarterstaff      |       |       |       |    41 ||    41
   Cast: Summon Small Mamm |    38 |    11 |    14 |     2 ||    65
         Call Imp          |     8 |    11 |     8 |     2 ||    29
         Call Canine Famil |       |    21 |    26 |     9 ||    56
         Summon Guardian G |       |     4 |    23 |    12 ||    39
         Summon Lightning  |       |       |    32 |    24 ||    56
         Kindle Blastspark |       |       |     1 |     2 ||     3
         Leda's Liquefacti |       |       |       |     2 ||     2
  Evoke: Wand              |       |       |     2 |       ||     2
    Use: Scroll            |       |       |    12 |     5 ||    17
         Potion            |       |       |     6 |     2 ||     8
   Stab: Sleeping          |       |       |     6 |     2 ||     8
         Paralysed         |       |       |     9 |       ||     9
         Distracted        |       |       |     1 |       ||     1
 Armour: Robe              |     2 |    33 |    33 |    13 ||    81
  Dodge: Dodged            |    12 |    70 |   106 |    46 ||   234

Table legend: (Time is in decaauts)
 A = Elapsed time spent in this place.
 B = Non-inter-level travel time spent in this place.
 C = Inter-level travel time spent in this place.
 D = Time resting spent in this place.
 E = Time spent auto-exploring this place.
 F = Levels seen in this place.
 G = Mean time per level.
                   A        B        C        D        E       F      G
               +--------+--------+--------+--------+--------+-----+--------+
         Total |   8357 |   8037 |    320 |    419 |   5245 |  10 |  835.7 |
       Dungeon |   8163 |   7925 |    238 |    419 |   5161 |   9 |  907.0 |
        Temple |    194 |    112 |     82 |      0 |     84 |   1 |  194.0 |
               +--------+--------+--------+--------+--------+-----+--------+

Top non-repeatable levels by time:
     D:4: 1498 daAuts
     D:3: 1459 daAuts
     D:6: 1225 daAuts
     D:5: 1051 daAuts
     D:8: 787 daAuts
     D:1: 782 daAuts
     D:2: 722 daAuts
     D:7: 589 daAuts
  Temple: 194 daAuts
     D:9: 46 daAuts
